 Dungeon Crawl Stone Soup version 0.24.0-123-gd5b16e6ec5 (webtiles) character file.

Game seed: 6591363526078679180, levelgen mode: deterministic

1156 FishyPogo the Cutter (level 8, -13/67 HPs)
             Began as a Gnoll Chaos Knight on Feb 8, 2020.
             Was a Plaything of Xom.
             Mangled by a two-headed ogre
             ... wielding a +0 dire flail
              (15 damage)
             ... on level 10 of the Dungeon.
             The game lasted 00:15:18 (4096 turns).

FishyPogo the Cutter (Gnoll Chaos Knight)           Turns: 4096, Time: 00:15:19

Health: -13/67     AC:  8    Str: 20    XL:     8   Next: 39%
Magic:  12/12      EV: 14    Int: 14    God:    Xom [*.....]
Gold:   361        SH:  5    Dex: 15    Spells: 13/13 levels left

rFire    . . .     SeeInvis .   h - +2 hand axe (venom)
rCold    . . .     Gourm    .   y - +0 buckler
rNeg     . . .     Faith    .   g - +2 leather armour
rPois    .         Spirit   .   (no helmet)
rElec    .         Reflect  .   l - +0 cloak
rCorr    .         Harm     .   K - +0 pair of gloves
MR       .....                  (no boots)
Stlth    +.........             (no amulet)
HPRegen  0.21/turn              E - +3 ring of strength
MPRegen  0.13/turn              B - ring of attention (curse)

@: no status effects
A: distributed training, fangs 1, strong nose
a: Renounce Religion


You were on level 10 of the Dungeon.
You worshipped Xom.
You were a special plaything of Xom.
You were not hungry.

You visited 1 branch of the dungeon, and saw 8 of its levels.

You collected 491 gold pieces.
You spent 130 gold pieces at shops.

Inventory:

Hand Weapons
 a - a +0 short sword of chaos
 b - a +0 hunting sling
 h - a +2 hand axe of venom (weapon)
Missiles
 i - 233 stones
 k - 51 sling bullets
 o - 42 poisoned darts (quivered)
 x - 2 throwing nets
 F - 2 silver javelins
 L - 2 boomerangs
Armour
 g - a +2 leather armour (worn)
 l - a +0 cloak (worn)
 y - a +0 buckler (worn)
 K - a +0 pair of gloves (worn)
Magical Staves
 q - an uncursed staff of wizardry
Jewellery
 r - an uncursed ring of stealth
 B - a cursed ring of attention (right hand)
 E - a +3 ring of strength (left hand)
 I - an uncursed amulet of faith {unknown}
Wands
 f - a wand of iceblast (8)
Scrolls
 n - a scroll of remove curse
 p - 2 scrolls of fear {unknown}
 t - 5 scrolls of identify {unknown}
 v - 3 scrolls of amnesia {unknown}
 A - a scroll of magic mapping {unknown}
 C - a scroll of enchant weapon {unknown}
 G - a scroll of fog {unknown}
 H - 2 scrolls of immolation {unknown}
Potions
 d - 2 potions of heal wounds {unknown}
 e - 3 potions of cancellation {unknown}
 j - 2 potions of might {unknown}
 m - 4 potions of curing
 s - a potion of resistance {unknown}
 u - 2 potions of lignification {unknown}
 w - a potion of agility {unknown}
 z - a potion of mutation {unknown}
 D - 3 potions of flight {unknown}
 J - 2 potions of haste
Comestibles
 c - 17 rations


   Skills:
 + Level 7.3 Fighting
 + Level 7.3 Short Blades
 + Level 3.1 Long Blades
 + Level 3.1 Axes
 + Level 3.1 Maces & Flails
 + Level 3.1 Polearms
 + Level 3.1 Staves
 + Level 3.1 Slings
 + Level 3.1 Bows
 + Level 3.1 Crossbows
 + Level 3.1 Throwing
 + Level 5.6 Armour
 + Level 4.1 Dodging
 + Level 3.1 Stealth
 + Level 3.1 Shields
 + Level 3.1 Unarmed Combat
 + Level 3.1 Spellcasting
 + Level 2.5 Conjurations
 + Level 2.5 Hexes
 + Level 2.5 Charms
 + Level 2.5 Summonings
 + Level 2.5 Necromancy
 + Level 2.5 Translocations
 + Level 2.5 Transmutations
 + Level 2.5 Fire Magic
 + Level 2.5 Ice Magic
 + Level 2.5 Air Magic
 + Level 2.5 Earth Magic
 + Level 2.5 Poison Magic
 + Level 3.5 Invocations
 + Level 3.1 Evocations


You had 13 spell levels left.
You didn't know any spells.
Your spell library was empty.

Dungeon Overview and Level Annotations

Branches:
Dungeon (7/15)             Temple (0/1) D:4

Altars:
Ashenzari
Elyvilon
Makhleb
Sif Muna
The Shining One

Shops:
D:6 *?

Annotations:
D:6 exclusion: orc wizard


Innate Abilities, Weirdness & Mutations

Your experience applies equally to all skills.
You have very sharp teeth.
Your uncanny sense of smell can sniff out nearby items.


Message History

You bite the two-headed ogre.
The two-headed ogre is lightly wounded.
The two-headed ogre hits you but does no damage.
The two-headed ogre barely misses you.
You slash the two-headed ogre! You bite the two-headed ogre.
The two-headed ogre is moderately wounded.
The two-headed ogre hits you with a +0 dire flail!
The two-headed ogre hits you with a +0 giant club!!
You closely miss the two-headed ogre. You bite the two-headed ogre.
The two-headed ogre is moderately wounded.
The two-headed ogre closely misses you.
The two-headed ogre hits you with a +0 giant club!!
* * * LOW HITPOINT WARNING * * *
You hit the two-headed ogre.
The two-headed ogre is heavily wounded.
The two-headed ogre hits you with a +0 dire flail!
* * * LOW HITPOINT WARNING * * *
The two-headed ogre hits you with a +0 giant club!
You die...
Xom howls with laughter!

#######################
.......................
..................#
..####...##..###..# ..#
#...##..# #..# ..#
#...##..# #..# ..#
#...##..# #..# ..#
#.......# #@O# ..#
#.......# #........ ..#
#.......# #.##..... ..#
#..####.# #<# ..### ..#
#..# #.# #.# .# ..#
#..# #.. ..# .# ..#
#..# .....# .... ...#
....# .....


You could see a two-headed ogre.

Vanquished Creatures
  An ice beast (D:10)
  A sky beast (D:7)
  An ogre (D:7)
  A centaur (D:2)
  A big kobold (D:7)
  A bullfrog (D:6)
  A water moccasin zombie (D:7)
  2 crimson imps (D:5)
  2 hounds
  A centaur skeleton (D:7)
  2 jellies
  An orc wizard (D:5)
  6 worker ants
  11 gnolls
  6 adders
  A worm (D:2)
  A leopard gecko (D:6)
  9 orcs
  2 ball pythons
  2 bats (D:2)
  3 giant cockroaches
  3 goblins
  7 hobgoblins
  4 jackals (D:7)
  5 quokkas
  9 frilled lizards
  16 kobolds
  A quokka skeleton (D:5)
  4 rats
105 creatures vanquished.

Notes
Turn   | Place    | Note
-------+----------+-------------------------------------------
     0 | D:1      | FishyPogo the Gnoll Chaos Knight began the quest for the
                  | Orb.
     0 | D:1      | Reached XP level 1. HP: 23/23 MP: 1/1
   148 | D:1      | Reached XP level 2. HP: 26/29 MP: 2/2
   319 | D:1      | XOM: harmless Ice miscast
   375 | D:2      | Noticed a centaur
   382 | D:2      | Killed a centaur
   382 | D:2      | Reached skill level 1 in Long Blades
   382 | D:2      | Reached skill level 1 in Axes
   382 | D:2      | Reached skill level 1 in Maces & Flails
   382 | D:2      | Reached skill level 1 in Polearms
   382 | D:2      | Reached skill level 1 in Staves
   382 | D:2      | Reached skill level 1 in Slings
   382 | D:2      | Reached skill level 1 in Bows
   382 | D:2      | Reached skill level 1 in Crossbows
   382 | D:2      | Reached skill level 1 in Throwing
   382 | D:2      | Reached skill level 1 in Stealth
   382 | D:2      | Reached skill level 1 in Shields
   382 | D:2      | Reached skill level 1 in Unarmed Combat
   382 | D:2      | Reached skill level 1 in Spellcasting
   382 | D:2      | Reached skill level 1 in Conjurations
   382 | D:2      | Reached skill level 1 in Hexes
   382 | D:2      | Reached skill level 1 in Charms
   382 | D:2      | Reached skill level 1 in Summonings
   382 | D:2      | Reached skill level 1 in Necromancy
   382 | D:2      | Reached skill level 1 in Translocations
   382 | D:2      | Reached skill level 1 in Transmutations
   382 | D:2      | Reached skill level 1 in Fire Magic
   382 | D:2      | Reached skill level 1 in Ice Magic
   382 | D:2      | Reached skill level 1 in Air Magic
   382 | D:2      | Reached skill level 1 in Earth Magic
   382 | D:2      | Reached skill level 1 in Poison Magic
   382 | D:2      | Reached skill level 1 in Invocations
   382 | D:2      | Reached skill level 1 in Evocations
   382 | D:2      | Reached XP level 3. HP: 9/35 MP: 2/4
   382 | D:2      | Reached XP level 4. HP: 10/41 MP: 2/5
   382 | D:2      | XOM: harmless Erth miscast
   492 | D:2      | XOM: potion effect (haste)
   498 | D:2      | Reached XP level 5. HP: 18/47 MP: 6/6
   551 | D:2      | XOM: harmless Tmut miscast
   748 | D:2      | XOM: divination: detect items
   762 | D:2      | XOM: silly message
   845 | D:2      | XOM: potion effect (brilliance)
   861 | D:2      | XOM: silly message
   925 | D:3      | Found a burning altar of Makhleb.
   970 | D:3      | XOM: divination: detect items
  1232 | D:3      | XOM: harmless Hex miscast
  1394 | D:4      | Reached XP level 6. HP: 53/53 MP: 8/8
  1399 | D:4      | Found a staircase to the Ecumenical Temple.
  1612 | D:4      | Found a shattered altar of Ashenzari.
  1767 | D:5      | Entered Level 5 of the Dungeon
  1773 | D:5      | Reached skill level 5 in Armour
  1915 | D:5      | XOM: silly message
  1976 | D:5      | Reached XP level 7. HP: 57/59 MP: 10/10
  2206 | D:5      | XOM: cast spell 'Ring of Flames'
  2428 | D:6      | XOM: cloud trail
  2455 | D:6      | XOM: harmless Air miscast
  2457 | D:6      | Found Vuzygheu's Assorted Antiques.
  2464 | D:6      | Bought a knobbly bone ring for 130 gold pieces
  2567 | D:6      | Found a glowing golden altar of the Shining One.
  2598 | D:6      | XOM: summons 3 hostile demons
  2704 | D:6      | Found a shimmering blue altar of Sif Muna.
  2964 | D:6      | Found Qeacanae's Magic Scroll Shop.
  3301 | D:6      | XOM: medium Summ miscast
  3317 | D:6      | XOM: butterfly on damage
  3342 | D:6      | HP: 2/60 [small abomination[the severe capriciousness of
                  | Xom] (7)]
  3480 | D:7      | XOM: cloud trail
  3567 | D:7      | XOM: potion effect (haste)
  3602 | D:7      | XOM: harmless Air miscast
  3653 | D:7      | XOM: potion effect (berserk rage)
  3665 | D:7      | Reached XP level 8. HP: 67/67 MP: 12/12
  3681 | D:7      | XOM: silly message
  3719 | D:7      | Found a white marble altar of Elyvilon.
  3885 | D:7      | XOM: silly message
  3901 | D:7      | You fall into a shaft and drop 3 floors!
  3901 | D:10     | Entered Level 10 of the Dungeon
  4091 | D:10     | Noticed a two-headed ogre
  4096 | D:10     | HP: 2/67 [two-headed ogre/+0 dire flail (11)]
  4096 | D:10     | Mangled by a two-headed ogre

Levels and vault maps discovered:
D:1:      minmay_arrival_five_plusses, layout_rooms
D:2:      layout_rooms, first_ration, minivault_19, minmay_tiny_reverse_x
D:3:      layout_rooms, lemuel_coloured_pillars_altar, nicolae_underground_beach
D:4:      layout_rooms, kennysheep_mini, minmay_temple_entry_crystal_x
D:5:      layout_loops_ring, chequers_jeans
D:6:      layout_loops_ring, led_sif_book, serial_shops, shop_statue,
          shop_coins, basic_altar
D:7:      layout_basic, elyvilon_altar_4
D:10:     minmay_shrinking_squares, layout_long_grid, uniq_snorg

Skill      XL: |  1  2  3  4  5  6  7  8 |
---------------+-------------------------+-----
Long Blades    | 1 2 3 |  3.1
Axes           | 1 2 3 |  3.1
Maces & Flails | 1 2 3 |  3.1
Polearms       | 1 2 3 |  3.1
Staves         | 1 2 3 |  3.1
Slings         | 1 2 3 |  3.1
Bows           | 1 2 3 |  3.1
Crossbows      | 1 2 3 |  3.1
Throwing       | 1 2 3 |  3.1
Stealth        | 1 2 3 |  3.1
Shields        | 1 2 3 |  3.1
Unarmed Combat | 1 2 3 |  3.1
Spellcasting   | 1 2 3 |  3.1
Conjurations   | 1 2 |  2.5
Hexes          | 1 2 |  2.5
Charms         | 1 2 |  2.5
Summonings     | 1 2 |  2.5
Necromancy     | 1 2 |  2.5
Translocations | 1 2 |  2.5
Transmutations | 1 2 |  2.5
Fire Magic     | 1 2 |  2.5
Ice Magic      | 1 2 |  2.5
Air Magic      | 1 2 |  2.5
Earth Magic    | 1 2 |  2.5
Poison Magic   | 1 2 |  2.5
Invocations    | 1 2 3 |  3.5
Evocations     | 1 2 3 |  3.1
Dodging        | 3 4 |  4.1
Armour         | 5 |  5.6
Fighting       | 7 |  7.3
Short Blades   | 7 |  7.3

Action                   |  1- 3 |  4- 6 |  7- 9 || total
-------------------------+-------+-------+-------++-------
Melee: Short sword       |    24 |       |       ||    24
       Bite              |     4 |    23 |    16 ||    43
       Hand axe          |    10 |   106 |   126 ||   242
       Staff             |       |    65 |       ||    65
       Punch             |       |     1 |       ||     1
Throw: Dart              |       |       |    10 ||    10
       Stone             |       |       |     6 ||     6
  Use: Potion            |       |     1 |     1 ||     2
       Scroll            |       |     1 |       ||     1
 Stab: Sleeping          |       |     3 |       ||     3
  Eat: Chunk             |       |     4 |     6 ||    10
Armor: Leather armour    |    10 |    54 |    28 ||    92
Dodge: Dodged            |    24 |   100 |    58 ||   182
Block: Buckler           |       |     1 |    29 ||    30
